 Dungeon Crawl Stone Soup version 0.30-a0-737-gf23d94013f (webtiles) character file.

Game seed: 10564713270818034665

2720 xian the Caller (level 9, -2/58 HPs)
             Began as a Demonspawn Summoner on Feb 2, 2023.
             Was a Follower of Hepliaklqana.
             Slain by a gnoll
             ... wielding a +0 spear
              (5 damage)
             ... on level 6 of the Dungeon.
             The game lasted 00:26:51 (6187 turns).

xian the Caller (Demonspawn Summoner)               Turns: 6187, Time: 00:26:51

Health: -2/58      AC:  5    Str: 14    XL:     9   Next: 39%
Magic:  16/16      EV: 13    Int: 25    God:    Hepliaklqana [*.....]
Gold:   303        SH:  0    Dex: 15    Spells: 2/18 levels left

rFire   . . .      SeeInvis .    k - +3 rapier of Cruel Justice {venom, Str+3}
rCold   . . .      Faith    .    G - orb {*Rage}
rNeg    . . .      Spirit   .    q - +0 leather armour
rPois   .          Reflect  .    (no helmet)
rElec   .          Harm     .    t - +0 cloak
rCorr   .          Rampage  .    (no gloves)
Will    .....      Rage     20%  m - +0 pair of boots
Stlth   +++                      (no amulet)
HPRegen 2.29/turn                e - +6 ring of intelligence
MPRegen 0.15/turn                (no ring)

@: lethally poisoned (-2 -> -2), on berserk cooldown, slowed, very slow
A: reduced essence, thin skeletal structure 1, foul stench 2, powered by death
2, weakness stinger 2
a: Renounce Religion, Recall Ancestor, Ancestor Identity


You were on level 6 of the Dungeon.
You worshipped Hepliaklqana.
Hepliaklqana was aware of your devotion.
You visited 1 branch of the dungeon, and saw 6 of its levels.
You also visited: Sewer.

You collected 303 gold pieces.

Inventory:

Hand Weapons
 k - the +3 rapier of Cruel Justice (weapon) {venom, Str+3}
   (You found it on level 2 of the Dungeon)

   Str:       It affects your strength (+3).
 w - the +5 hand axe "Gorimut" {antimagic, rC++}
   (You found it on level 3 of the Dungeon)

   rC:        It greatly protects you from cold.
 C - a +5 dagger
Missiles
 o - 15 poisoned darts (quivered)
 p - 36 stones
 E - 3 boomerangs of dispersal
Armour
 m - a +0 pair of boots (worn)
 n - a +0 buckler
 q - a +0 leather armour (worn)
 t - a +0 cloak (worn)
 G - an orb of wrath (worn)
Magical Staves
 y - a staff of conjuration
Jewellery
 e - a +6 ring of intelligence (left hand)
 I - an amulet of guardian spirit
Wands
 a - a wand of polymorph (10)
 r - a wand of flame (22)
 D - a wand of acid (12)
 H - a wand of iceblast (5)
Scrolls
 c - 2 scrolls of poison {unknown}
 f - a scroll of amnesia {unknown}
 g - 3 scrolls of noise {unknown}
 h - a scroll of magic mapping
 j - a scroll of blinking
 l - 2 scrolls of teleportation
 s - a scroll of enchant armour
 u - 3 scrolls of enchant weapon
 F - a scroll of summoning
Potions
 b - 3 potions of magic
 d - 3 potions of curing
 i - a potion of flight {unknown}
 x - 2 potions of attraction {unknown}
 z - 3 potions of heal wounds
 B - a potion of degeneration {unknown}


   Skills:
 + Level 4.1 Fighting
 + Level 4.3 Short Blades
 + Level 0.2 Throwing
 * Level 4.3 Armour
 + Level 4.2 Dodging
 + Level 3.8 Stealth
 + Level 1.3 Shields
 + Level 0.4 Unarmed Combat
 + Level 5.3 Spellcasting
 + Level 1.3 Hexes
 + Level 6.7 Summonings


You had 2 spell levels left.
You knew the following spells:

 Your Spells              Type           Power      Damage    Failure   Level
a - Summon Small Mammal   Summ           100%       N/A       1%          1
b - Call Imp              Summ           40%        N/A       1%          2
c - Call Canine Familiar  Summ           40%        N/A       1%          3
d - Summon Guardian Gole  Hex/Summ       26%        N/A       5%          3
e - Summon Lightning Spi  Summ/Air       23%        N/A       24%         4
f - Stone Arrow           Conj/Erth      12%        3d7       30%         3

Your spell library contained the following spells:

 Spells                   Type           Power      Damage    Failure   Level
 Kiss of Death            Conj/Necr      24%        2d7       10%         1
 Confusing Touch          Hex            13%        N/A       17%         3
 Dazzling Flash           Conj/Hex       20%        N/A       22%         3
 Animate Armour           Summ/Erth      46%        N/A       24%         4
 Summon Mana Viper        Hex/Summ       26%        N/A       45%         5
 Summon Forest            Summ/Tloc      11%        N/A       56%         5
 Summon Cactus Giant      Summ           20%        N/A       67%         6
 Dispel Undead            Necr           6%         3d8       69%         4
 Silence                  Hex/Air        5%         N/A       90%         5
 Agony                    Necr           6%         N/A       95%         5
 Lehudib's Crystal Spear  Conj/Erth      3%         10d2      100%        8


Dungeon Overview and Level Annotations

Branches:
Dungeon (6/15)             Temple (0/1) D:6           Sewer (visited)

Altars:
Dithmenos
Fedhas
Hepliaklqana


Innate Abilities, Weirdness & Mutations

Your life essence is reduced to manifest your ancestor. (-10% HP)
You have a somewhat thin skeletal structure. (Dex +2, Stealth+)
You sometimes emit foul miasma when damaged in melee.
You regenerate health from kills.
You have a tail ending in a sharp stinger.


Message History

You barely miss the scorpion.
The scorpion is heavily wounded.
You feel very sick. The hound closely misses you.
Your hound bites the scorpion but does no damage.
The gnoll hits your hound with a +0 club.
The gnoll barely misses you. The scorpion stings you.
You are more poisoned.
The scorpion poisons you!
You emit a cloud of foul miasma!
The hound misses you.
Your hound completely misses the scorpion.
The gnoll hits your hound with a +0 club!
Your hound dies!
Your hound's corpse disappears in a puff of smoke!
The gnoll hits you from afar with a +0 spear.
The scorpion is engulfed in dark miasma.
The scorpion is poisoned.
The scorpion seems to slow down.
The scorpion stings you but does no damage.
You hit the scorpion.
You kill the scorpion!
You feel extremely sick. The hound bites you.
The hound bites you but does no damage.
The gnoll hits you from afar with a +0 spear!
* * * LOW HITPOINT WARNING * * *
You feel very sick. The hound barely misses you. The gnoll barely misses you.
The hound bites you but does no damage.
Lili Skyjumper hits the gnoll.
The gnoll hits you with a +0 club.
* * * LOW HITPOINT WARNING * * *
You emit a cloud of foul miasma!
The gnoll hits you but does no damage.
The hound pauses to sniff the ground.
The hound bites you.
* * * LOW HITPOINT WARNING * * *
You hit the gnoll.
The gnoll is poisoned.
The gnoll is heavily wounded.
You feel very sick. The hound closely misses you.
Lili Skyjumper hits the gnoll!
The gnoll dies!
The gnoll hits you from afar with a +0 spear.
You die...

######### #.......#
#.......# #.......#
#...)...# #..h@.g.#
####☼#### #R# #.#
#######.# ##### #.
.......$## #.... # #.
.........###### #.###
.. ......#<.......
###.###
#.#...######...######
#R.....


You could see the friendly Lili Skyjumper the ancestor, a hound (ally target)
and a gnoll.

Vanquished Creatures
  The ghost of Unforgiven the Shooter, an amateur NaHu of Nemelex Xobeh (D:4)
  Grinder (D:3)
  Eustachio (D:4)
  An ice beast (D:5)
  An orc warrior (D:6)
  2 ogres (D:5)
  A necrophage (D:5)
  A bullfrog (D:6)
  2 scorpions
  Crazy Yiuf (D:4)
  2 hounds
  2 jellies
  3 orc priests
  An iguana (D:4)
  An orc wizard (D:6)
  4 gnolls
  7 adders
  An ufetubus (D:5)
  2 worms (D:2)
  A dart slug (D:4)
  12 orcs
  9 ball pythons
  2 bats
  4 giant cockroaches
  4 goblins
  A hobgoblin (D:3)
  6 jackals
  10 quokkas
  A frilled lizard (Sewer)
  4 kobolds
  3 rats
92 creatures vanquished.

Vanquished Creatures (collateral kills)
  The ghost of Laraso the Cudgeller, a novice AtBe of Trog (D:5)
  A bullfrog (Sewer)
  A scorpion (D:5)
  A jelly (D:5)
  An orc priest (D:4)
  An orc wizard (D:4)
  5 gnolls
  6 adders
  A worm (D:2)
  A dart slug (D:2)
  10 orcs
  3 bats
  8 endoplasms
  4 giant cockroaches
  6 goblins
  2 hobgoblins
  6 jackals
  3 kobolds
  6 quokkas
  9 ball pythons
  7 frilled lizards
  5 rats
88 creatures vanquished.

Vanquished Creatures (others)
  The ghost of browni3141 the Digger, a novice HuEE of Kikubaaqudgha (D:5)
  A bush (D:5)
  A plant (D:6)
3 creatures vanquished.

Grand Total: 183 creatures vanquished

Notes
Turn   | Place    | Note
-------+----------+-------------------------------------------
     0 | D:1      | xian the Demonspawn Summoner began the quest for the Orb.
     0 | D:1      | Reached XP level 1. HP: 13/13 MP: 3/3
   243 | D:1      | Gained mutation: You may rarely emit foul miasma when
                  | damaged in melee. [demonic ancestry]
   243 | D:1      | Reached XP level 2. HP: 19/19 MP: 3/5
   743 | D:1      | Found a faded altar of an unknown god.
  1175 | D:2      | Gained mutation: You regenerate a little health from kills.
                  | [demonic ancestry]
  1175 | D:2      | Reached XP level 3. HP: 16/24 MP: 4/6
  1303 | D:2      | Identified the +3 rapier of Cruel Justice {venom, Str+3}
  1517 | D:2      | Learned a level 2 spell: Call Imp
  1521 | D:2      | Learned a level 3 spell: Call Canine Familiar
  1741 | D:2      | Reached XP level 4. HP: 31/31 MP: 5/7
  2019 | D:3      | Reached skill level 5 in Summonings
  2076 | D:3      | Reached skill level 1 in Fighting
  2181 | D:3      | Found a glowing drain.
  2202 | D:3      | Identified the +5 hand axe "Gorimut" {antimagic, rC++}
  2210 | D:3      | Gained mutation: You sometimes emit foul miasma when
                  | damaged in melee. [demonic ancestry]
  2210 | D:3      | Reached XP level 5. HP: 36/37 MP: 9/9
  2215 | D:3      | Noticed Grinder
  2238 | D:3      | Reached skill level 1 in Armour
  2252 | D:3      | Killed Grinder
  2253 | D:3      | Reached skill level 1 in Short Blades
  2253 | D:3      | Gained mutation: You have a small tail. [demonic ancestry]
  2253 | D:3      | Reached XP level 6. HP: 37/43 MP: 6/10
  2293 | Sewer    | Entered a sewer
  3015 | D:4      | Gained mutation: You regenerate health from kills. [demonic
                  | ancestry]
  3015 | D:4      | Reached XP level 7. HP: 36/49 MP: 5/12
  3019 | D:4      | Learned a level 3 spell: Summon Guardian Golem
  3183 | D:4      | Found a runed translucent door.
  3191 | D:4      | Noticed Unforgiven's ghost (amateur NaHu)
  3217 | D:4      | Noticed Eustachio
  3232 | D:4      | Killed Eustachio
  3238 | D:4      | Killed Unforgiven's ghost
  3239 | D:4      | Reached skill level 1 in Shields
  3570 | D:4      | Found a blossoming altar of Fedhas.
  3570 | D:4      | Found a faded altar of an unknown god.
  3600 | D:4      | Found a hazy altar of Hepliaklqana.
  3604 | D:4      | Found a shadowy altar of Dithmenos.
  3618 | D:4      | Became a worshipper of Hepliaklqana the Forgotten
  3777 | D:4      | Gained mutation: You have a somewhat thin skeletal
                  | structure. (Dex +2, Stealth+) [demonic ancestry]
  3777 | D:4      | Reached XP level 8. HP: 57/57 MP: 14/14
  3975 | D:4      | Found a runed translucent door.
  3976 | D:4      | Noticed Crazy Yiuf
  3984 | D:4      | Killed Crazy Yiuf
  4119 | D:4      | Learned a level 4 spell: Summon Lightning Spire
  4132 | D:5      | Entered Level 5 of the Dungeon
  4209 | D:5      | Reached skill level 1 in Hexes
  4302 | D:5      | Found a runed translucent gate.
  4302 | D:5      | Found a runed translucent gate.
  4302 | D:5      | Found a runed translucent gate.
  4307 | D:5      | Noticed Laraso's ghost (novice AtBe)
  4307 | D:5      | Noticed browni3141's ghost (novice HuEE)
  4391 | D:5      | Killed browni3141's ghost
  4392 | D:5      | Reached skill level 6 in Summonings
  4416 | D:5      | Killed Laraso's ghost
  4580 | D:5      | Reached skill level 5 in Spellcasting
  4580 | D:5      | Gained mutation: You have a tail ending in a sharp stinger.
                  | [demonic ancestry]
  4580 | D:5      | Reached XP level 9. HP: 51/64 MP: 16/16
  4584 | D:5      | Learned a level 3 spell: Stone Arrow
  4822 | D:5      | Reached * piety under Hepliaklqana
  5885 | D:6      | Found a staircase to the Ecumenical Temple.
  6187 | D:6      | Slain by a gnoll

Illustrated notes

Levels and vault maps discovered:
D:1:      minmay_arrival_glassed_features, layout_basic,
          dilly_ecumenical_altar_fadedgnrine, serial_park_tiny_pond,
          minmay_tall_x
D:2:      layout_basic, basic_altar, chequers_serial_rivers_large_b
D:3:      layout_rooms, cheibrodos_sewer_entry_sluice, uniq_grinder
D:4:      layout_cave_pods, chequers_temple_overflow_minitemple,
          ebering_ghost_inner_flame, uniq_eustachio, uniq_crazy_yiuf_cottage
D:5:      layout_layer_cave, gammafunk_ghost_cemetery, hangedman_decor_opposing,
          minmay_hedge_maze
D:6:      layout_loops_cross, minmay_temple_entry_gardened_gates

Skill      XL: |  1  2  3  4  5  6  7  8  9 |
---------------+----------------------------+-----
Stealth        | 2 3 |  3.8
Dodging        | 2 3 4 |  4.2
Summonings     | 5 6 |  6.7
Fighting       | 1 2 3 4 |  4.1
Armour         | 1 2 3 4 |  4.3
Short Blades   | 1 2 4 |  4.3
Spellcasting   | 3 4 5 |  5.3
Shields        | 1 |  1.3
Hexes          | 1 |  1.3
Throwing       | |  0.2
Unarmed Combat | |  0.4

Action                     |  1- 3 |  4- 6 |  7- 9 || total
---------------------------+-------+-------+-------++-------
  Melee: Unarmed           |    13 |       |       ||    13
         Dagger            |    35 |       |       ||    35
         Rapier            |    21 |    90 |   179 ||   290
         Tailslap          |       |     5 |    43 ||    48
  Throw: Dart              |       |     2 |     2 ||     4
   Cast: Summon Small Mamm |    24 |     4 |       ||    28
         Call Imp          |     2 |     8 |     8 ||    18
         Call Canine Famil |     1 |     7 |    15 ||    23
         Summon Guardian G |       |       |     9 ||     9
 Invoke: Ancestor Identity |       |       |     1 ||     1
    Use: Potion            |       |       |     6 ||     6
         Scroll            |       |       |     8 ||     8
   Stab: Sleeping          |     3 |       |     6 ||     9
         Distracted        |     2 |       |     1 ||     3
 Armour: Robe              |    23 |       |       ||    23
         Leather armour    |       |    41 |    33 ||    74
  Dodge: Dodged            |    70 |    66 |    72 ||   208
  Block: Buckler           |     5 |    23 |    18 ||    46

Table legend: (Time is in decaauts)
 A = Elapsed time spent in this place.
 B = Non-inter-level travel time spent in this place.
 C = Inter-level travel time spent in this place.
 D = Time resting spent in this place.
 E = Time spent auto-exploring this place.
 F = Levels seen in this place.
 G = Mean time per level.
                   A        B        C        D        E       F      G
               +--------+--------+--------+--------+--------+-----+--------+
         Total |   6418 |   6270 |    148 |      0 |   3527 |   7 |  916.9 |
       Dungeon |   5893 |   5745 |    148 |      0 |   3361 |   6 |  982.2 |
         Sewer |    524 |    524 |      0 |      0 |    166 |   1 |  524.0 |
               +--------+--------+--------+--------+--------+-----+--------+

Top non-repeatable levels by time:
     D:5: 1626 daAuts
     D:4: 1184 daAuts
     D:1: 1164 daAuts
     D:2: 872 daAuts
     D:3: 568 daAuts
   Sewer: 524 daAuts
     D:6: 477 daAuts
